[Event "ICC tourney 2488 (120 10)"]
[Site "Internet Chess Club"]
[Date "2021.04.03"]
[Round "4"]
[White "CHANDI, ISHNOOR SINGH:Ishnoor"]
[Black "THOMAS, MICHAEL G:chesslin"]
[Result "0-1"]
[ICCResult "White checkmated"]
[WhiteElo "1545"]
[BlackElo "1723"]
[Opening "Robatsch (modern) defense"]
[ECO "B06"]
[NIC "KF.06"]
[Time "16:16:34"]
[PlyCount "114"]
[TimeControl "7200+10"]

1. e4 g6 2. Nf3 Bg7 3. d3 d6 4. g3 c5 5. Bg2 Nf6 6. O-O Nc6 7. a4 Rb8 8.
Bd2 O-O 9. Nh4 d5 10. c3 dxe4 11. dxe4 Qb6 12. Qc2 Be6 13. Be3 Ng4 14. Bf4
Rbd8 15. Nd2 h6 16. h3 Nge5 17. Bxe5 Nxe5 18. Rfd1 Rd7 19. f4 c4+ 20. Kh2
Qf2 21. fxe5 Bxe5 22. Nhf3 Bxh3 23. Rg1 Qxg3+ 24. Kh1 Bg4 25. Nf1 Qf4 26.
N1h2 Bxf3 27. Nxf3 Rd3 28. Qe2 Qg4 29. Rgd1 Rfd8 30. Kg1 Bf4 31. Kf1 Qd7
32. Rxd3 cxd3 33. Qf2 d2 34. Rd1 Qd3+ 35. Qe2 Qc2 36. Ng1 h5 37. Nh3 Bh6
38. e5 Qxb2 39. Qc4 Qb6 40. e6 fxe6 41. Qe4 Rf8+ 42. Bf3 Rf5 43. Nf2 e5 44.
Rb1 Qf6 45. Ke2 b6 46. Rb5 Kg7 47. Rd5 Rf4 48. Qd3 Qf5 49. Ne4 d1=Q+ 50.
Kxd1 Rxf3 51. Qc4 Rf4 52. Qc7 Rf1+ 53. Kc2 Qxe4+ 54. Rd3 Qxa4+ 55. Kb2 Rf2+
56. Rd2 Rxd2+ 57. Kb1 Qd1# { White checkmated } 0-1

[Event "ICC tourney 2488 (120 10)"]
[Site "Internet Chess Club"]
[Date "2021.04.04"]
[Round "5"]
[White "BRUDNO, STEPHEN:StevChess01"]
[Black "ZHANG, FRED:Fredzhang"]
[Result "1-0"]
[ICCResult "Black checkmated"]
[WhiteElo "1661"]
[BlackElo "1574"]
[Opening "QGD: Marshall defense"]
[ECO "D06"]
[NIC "QP.08"]
[Time "11:02:37"]
[PlyCount "115"]
[TimeControl "7200+10"]

1. d4 d5 2. c4 Nf6 3. cxd5 c6 4. dxc6 Nxc6 5. Nf3 Bf5 6. a3 e5 7. dxe5 Qd2+
8. Bxd2 Ne4 9. Bg5 Nxg5 10. Nxg5 Be7 11. Nf3 O-O 12. Nc3 Bg4 13. e3 Nxe5
14. Nxe5 Bxd1 15. Rxd1 Rfd8 16. Rxd8+ Rxd8 17. Be2 b6 18. Nc6 Rd7 19. Nxe7+
Rxe7 20. O-O f6 21. Bc4+ Kf8 22. Rd1 Ke8 23. Kf1 g6 24. Bb5+ Kf7 25. Rd8
Kg7 26. Bc4 Rb7 27. Rg8+ Kh6 28. Ne4 b5 29. Bb3 a5 30. Nxf6 a4 31. Bd5 Rc7
32. g4 Kg5 33. Rf8 Kh6 34. h4 Kg7 35. Nxh7 Kxh7 36. Rf7+ Rxf7 37. Bxf7 Kg7
38. Be8 Kf6 39. Bxb5 g5 40. hxg5+ Kxg5 41. Bxa4 Kxg4 42. Bc6 Kf5 43. a4 Ke6
44. a5 Kd6 45. Bf3 Kc7 46. b4 Kb8 47. b5 Ka7 48. Ke2 Kb8 49. b6 Kc8 50. a6
Kd7 51. a7 Kd6 52. a8=Q Ke5 53. b7 Kd6 54. b8=Q+ Kc5 55. Qd8 Kc4 56. Qc6+
Kb4 57. Qb8+ Ka5 58. Qca8# { Black checkmated } 1-0

[Event "ICC tourney 2488 (120 10)"]
[Site "Internet Chess Club"]
[Date "2021.04.04"]
[Round "5"]
[White "XIE, DAVID:davidtxie"]
[Black "VALE CRUZ, ARMIN:trucker"]
[Result "1-0"]
[ICCResult "Black resigns"]
[WhiteElo "1696"]
[BlackElo "1664"]
[Opening "Vienna gambit: Paulsen attack"]
[ECO "C29"]
[NIC "VG.03"]
[Time "11:02:36"]
[PlyCount "93"]
[TimeControl "7200+10"]

1. e4 e5 2. Nc3 Nf6 3. f4 d5 4. fxe5 Nxe4 5. Qf3 Bc5 6. Nxe4 dxe4 7. Qxe4
O-O 8. Nf3 g6 9. d4 Bb6 10. Bg5 Qe8 11. Bh6 Nc6 12. Bb5 Bf5 13. Qh4 Qd8 14.
Bxc6 Qxh4+ 15. Nxh4 bxc6 16. Bxf8 Kxf8 17. Nxf5 gxf5 18. O-O-O Ke7 19. Rhf1
Ke6 20. c3 Rg8 21. g3 Rg4 22. Rf4 Rg8 23. Rdf1 Rg5 24. Kc2 c5 25. Kd3 cxd4
26. cxd4 c5 27. dxc5 Bxc5 28. Rh4 h5 29. Re1 Bb6 30. Re2 Kd5 31. b4 Bc7 32.
Rd4+ Ke6 33. Rc4 Kd7 34. Kd4 Bb6+ 35. Kd5 Rg6 36. Rec2 Rg5 37. a4 Rg4 38.
Rxg4 fxg4 39. a5 Be3 40. Ke4 Bg5 41. Kf5 Be7 42. b5 Bd8 43. a6 Ke7 44. Rc6
Kd7 45. Rd6+ Kc7 46. Rxd8 Kxd8 47. Kf6 { Black resigns } 1-0

[Event "ICC tourney 2488 (120 10)"]
[Site "Internet Chess Club"]
[Date "2021.04.04"]
[Round "5"]
[White "TANG, VINCENT:VincentT2008"]
[Black "Kashyap, Manish B:mnm2"]
[Result "0-1"]
[ICCResult "White resigns"]
[WhiteElo "1744"]
[BlackElo "1541"]
[Opening "QGD: exchange, positional line"]
[ECO "D35"]
[NIC "QO.16"]
[Time "11:02:42"]
[PlyCount "60"]
[TimeControl "7200+10"]

1. d4 d5 2. c4 e6 3. Nc3 Nf6 4. cxd5 exd5 5. Bg5 Be7 6. e3 c6 7. Bd3 O-O 8.
Qc2 h6 9. Bh4 Re8 10. Nge2 Nbd7 11. O-O Nh5 12. Bg3 Nf8 13. Rfe1 Bd7 14.
Rad1 Nf6 15. f3 Ne6 16. e4 dxe4 17. fxe4 Ng4 18. Bf4 Nxf4 19. Nxf4 Bg5 20.
g3 Bxf4 21. gxf4 Qf6 22. f5 Qxd4+ 23. Kf1 Ne3+ 24. Rxe3 Qxe3 25. Qg2 Rad8
26. Bc4 Bxf5 27. Rxd8 Rxd8 28. exf5 Qf4+ 29. Kg1 Qxc4 30. f6 Qd4+ { White
resigns } 0-1

[Event "ICC tourney 2488 (120 10)"]
[Site "Internet Chess Club"]
[Date "2021.04.04"]
[Round "5"]
[White "FLETCHER, ANDREW JAMES:Draconian"]
[Black "TALWALKAR, VEDANT AMEYA:castle2king"]
[Result "1-0"]
[ICCResult "Black checkmated"]
[WhiteElo "1706"]
[BlackElo "1644"]
[Opening "Giuoco Piano"]
[ECO "C54"]
[NIC "IG.02"]
[Time "11:02:35"]
[PlyCount "165"]
[TimeControl "7200+10"]

1. e4 e5 2. Nf3 Nc6 3. Bc4 Bc5 4. c3 Nf6 5. d4 exd4 6. e5 d5 7. Bb5 Ne4 8.
cxd4 Bb6 9. O-O O-O 10. Be3 f6 11. Nc3 Bf5 12. Rc1 Nxc3 13. bxc3 a6 14.
Bxc6 bxc6 15. exf6 Qxf6 16. Ne5 Rae8 17. Qa4 c5 18. dxc5 Qxe5 19. cxb6 cxb6
20. Qxa6 Re6 21. Bd4 Qd6 22. Rfe1 Rfe8 23. Re3 Qf4 24. Rce1 Rxe3 25. Rxe3
Rxe3 26. fxe3 Qg4 27. Qa8+ Kf7 28. Qxd5+ Ke7 29. Bxb6 Be4 30. Bc5+ Kf6 31.
Qd6+ Kf7 32. Qf4+ Qxf4 33. exf4 Bb7 34. a4 Ke6 35. Kf2 Kf5 36. g3 Ke4 37.
Bd4 g6 38. h4 h5 39. Be5 Ba6 40. Ke1 Kf3 41. Kd2 Ke4 42. a5 Bc4 43. Kc1 Kd5
44. Kb2 Kc5 45. Ka3 Kb5 46. Bc7 Bd3 47. Kb2 Kc5 48. Bb6+ Kb5 49. Kc1 Kc6
50. Kd2 Ba6 51. Ke3 Kd5 52. g4 Bc4 53. f5 Ke5 54. Bd4+ Kd6 55. fxg6 hxg4
56. g7 Be6 57. a6 Ke7 58. a7 Kf7 59. a8=Q Kg6 60. g8=Q+ Bxg8 61. Qxg8+ Kf5
62. Qg5+ Ke6 63. Qxg4+ Kf7 64. Qf5+ Ke7 65. Qg6 Kd8 66. Qf7 Kc8 67. Qe7 Kb8
68. Qd7 Ka8 69. c4 Kb8 70. Bf6 Ka8 71. Bd8 Kb8 72. h5 Ka8 73. h6 Kb8 74. h7
Ka8 75. h8=B Kb8 76. c5 Ka8 77. c6 Kb8 78. c7+ Ka8 79. c8=B Kb8 80. Be5+
Ka8 81. Bb7+ Ka7 82. Bd4+ Kb8 83. Qc7# { Black checkmated } 1-0

[Event "ICC tourney 2488 (120 10)"]
[Site "Internet Chess Club"]
[Date "2021.04.04"]
[Round "5"]
[White "CHERUKURI, DEVESH:Deveshc"]
[Black "ZHU, RYAN:Ryan123455"]
[Result "1/2-1/2"]
[ICCResult "Game drawn by mutual agreement"]
[WhiteElo "1520"]
[BlackElo "1684"]
[Opening "Sicilian: Smith-Morra gambit"]
[ECO "B21"]
[NIC "SI.47"]
[Time "11:02:55"]
[PlyCount "76"]
[TimeControl "7200+10"]

1. e4 c5 2. d4 cxd4 3. c3 Nf6 4. e5 Nd5 5. Nf3 Nc6 6. cxd4 d6 7. Nc3 Nxc3
8. bxc3 dxe5 9. d5 e4 10. Ng5 Ne5 11. Nxe4 g6 12. Bf4 Bg7 13. Be2 O-O 14.
Rc1 Qa5 15. Qd2 Rd8 16. c4 Qxd2+ 17. Bxd2 e6 18. Nc3 b6 19. f4 Nd7 20. dxe6
fxe6 21. Bf3 Rb8 22. O-O Nc5 23. Rfd1 Nd3 24. Rc2 Ba6 25. Nb5 Bxb5 26. cxb5
Rbc8 27. Rxc8 Rxc8 28. Be3 Nb4 29. a4 Na2 30. Rd7 Rc3 31. Kf2 Rc2+ 32. Kg3
Rc3 33. Bf2 Ra3 34. Rxa7 Nc3 35. Bxb6 Bf6 36. Bc5 Ne4+ 37. Kh3 Nxc5 38. b6
h5 { Game drawn by mutual agreement } 1/2-1/2

[Event "ICC tourney 2488 (120 10)"]
[Site "Internet Chess Club"]
[Date "2021.04.04"]
[Round "5"]
[White "Martinez, Abraham:Pugnacious"]
[Black "HANNA, JOHN:jHanna"]
[Result "0-1"]
[ICCResult "White resigns"]
[WhiteElo "1614"]
[BlackElo "1750"]
[Opening "Richter-Veresov attack"]
[ECO "D01"]
[NIC "QP.07"]
[Time "11:02:43"]
[PlyCount "58"]
[TimeControl "7200+10"]

1. d4 Nf6 2. Nc3 d5 3. Bg5 c6 4. f3 h6 5. Bxf6 exf6 6. e4 Qb6 7. Rb1 Bb4 8.
Qd3 O-O 9. a3 Bxc3+ 10. Qxc3 dxe4 11. fxe4 Re8 12. Bd3 Bf5 13. Ne2 Bxe4 14.
O-O Bxd3 15. Qxd3 c5 16. dxc5 Qxc5+ 17. Kh1 Nc6 18. Nf4 Rad8 19. Qg3 Qxc2
20. Rbc1 Qd2 21. h4 Qe3 22. Qg4 Ne5 23. Qf5 Qg3 24. Rc3 Qxh4+ 25. Rh3 Qg4
26. Qe4 Ng6 27. Qc4 Rd2 28. Kh2 Nxf4 29. Rg3 Rxg2+ { White resigns } 0-1

[Event "ICC tourney 2488 (120 10)"]
[Site "Internet Chess Club"]
[Date "2021.04.04"]
[Round "5"]
[White "TREUSDELL, ROSS G:IveDoneEnough"]
[Black "GUNN, HAN:Han366"]
[Result "1-0"]
[ICCResult "Black resigns"]
[WhiteElo "1649"]
[BlackElo "1700"]
[Opening "French: Tarrasch, open variation"]
[ECO "C07"]
[NIC "FR.19"]
[Time "11:02:37"]
[PlyCount "61"]
[TimeControl "7200+10"]

1. e4 e6 2. d4 d5 3. Nd2 c5 4. exd5 Qxd5 5. Ndf3 Nf6 6. Be3 cxd4 7. Qxd4
Qa5+ 8. Bd2 Qc7 9. Bb5+ Bd7 10. Bxd7+ Nbxd7 11. Bc3 Bc5 12. Qh4 Be7 13. Ne2
Nd5 14. Qa4 Nxc3 15. Nxc3 O-O 16. O-O Nb6 17. Qe4 a6 18. Ne2 Rad8 19. b3
Bf6 20. Rad1 Nd7 21. c4 Nc5 22. Qf4 e5 23. Qe3 Rfe8 24. Nc3 Nd7 25. Nd5 Qc6
26. Rd2 e4 27. Nd4 Qc5 28. Nf5 Qxe3 29. Nfxe3 g6 30. Rfd1 Bg7 31. Nb6 {
Black resigns } 1-0

[Event "ICC tourney 2488 (120 10)"]
[Site "Internet Chess Club"]
[Date "2021.04.04"]
[Round "5"]
[White "CHANDI, ISHNOOR SINGH:Ishnoor"]
[Black "LIAO, CONNOR:che2468"]
[Result "1-0"]
[ICCResult "Black checkmated"]
[WhiteElo "1545"]
[BlackElo "1488"]
[Opening "Sicilian"]
[ECO "B50"]
[NIC "SI.01"]
[Time "11:02:39"]
[PlyCount "83"]
[TimeControl "7200+10"]

1. e4 c5 2. Nf3 d6 3. d3 Nf6 4. g3 Nc6 5. Bg2 Bd7 6. O-O e6 7. a4 Be7 8.
Na3 O-O 9. Bf4 e5 10. Be3 Be6 11. Nd2 Ng4 12. Nac4 Nxe3 13. Nxe3 a6 14. f4
b5 15. f5 Bd7 16. Nd5 f6 17. g4 bxa4 18. Nc4 Nb4 19. Ndb6 Rb8 20. c3 Nc6
21. Nd5 Rf7 22. Rxa4 a5 23. Bf3 Na7 24. Rxa5 Nb5 25. Qa1 Nc7 26. Ncb6 Nxd5
27. Nxd5 Bb5 28. c4 Bc6 29. Rb1 Bxd5 30. exd5 Qb6 31. Rb5 Qc7 32. Qa6 Rff8
33. Qc6 Qc8 34. b4 Qxc6 35. dxc6 Rxb5 36. cxb5 Rb8 37. c7 Rc8 38. b6 cxb4
39. b7 Rxc7 40. b8=Q+ Bf8 41. Bd5+ Kh8 42. Qxf8# { Black checkmated } 1-0

[Event "ICC tourney 2488 (120 10)"]
[Site "Internet Chess Club"]
[Date "2021.04.04"]
[Round "5"]
[White "XIONG, LANG:langlglang"]
[Black "LOPEZ, FRANCISCO JAVIER:steinutz"]
[Result "0-1"]
[ICCResult "White checkmated"]
[WhiteElo "1644"]
[BlackElo "1749"]
[Opening "Neo-Grünfeld, 6.O-O"]
[ECO "D77"]
[NIC "GI.02"]
[Time "11:04:23"]
[PlyCount "88"]
[TimeControl "7200+10"]

1. d4 g6 2. Nf3 Nf6 3. g3 Bg7 4. Bg2 d5 5. O-O O-O 6. c4 e6 7. Nc3 c6 8. c5
b6 9. b4 a5 10. Ba3 axb4 11. Bxb4 b5 12. Ne5 Nfd7 13. f4 f6 14. Nxd7 Bxd7
15. a4 Na6 16. Qb3 Nxb4 17. Qxb4 bxa4 18. Nxa4 Rb8 19. Nb6 Qc7 20. Ra2 e5
21. e3 Bf5 22. Rfa1 Rb7 23. Qd2 exd4 24. exd4 h5 25. Nxd5 cxd5 26. Bxd5+
Kh8 27. Bxb7 Qxb7 28. d5 Be4 29. c6 Qb6+ 30. Kf1 Qb5+ 31. Kf2 Bxd5 32. Ra5
Qb6+ 33. Kf1 Bxc6 34. Qc2 f5 35. R1a2 Be4 36. Qc4 Qe3 37. R5a3 Qb6 38. Rd2
Qb1+ 39. Kf2 Qh1 40. Qe6 Qxh2+ 41. Ke1 Qg1+ 42. Ke2 Qc5 43. Raa2 Qb5+ 44.
Kd1 Qf1# { White checkmated } 0-1

[Event "ICC tourney 2488 (120 10)"]
[Site "Internet Chess Club"]
[Date "2021.04.04"]
[Round "5"]
[White "RAMKUMAR, ADITYA:aditya7708"]
[Black "ZHANG, MULAN JIEMIN:Mulan2009"]
[Result "1/2-1/2"]
[ICCResult "Game drawn by repetition"]
[WhiteElo "1627"]
[BlackElo "1667"]
[Opening "Queen's bishop game"]
[ECO "D02"]
[NIC "QP.06"]
[Time "11:02:55"]
[PlyCount "126"]
[TimeControl "7200+10"]

1. Nf3 Nf6 2. d4 d5 3. Bf4 e6 4. e3 Bd6 5. Bg3 c5 6. c3 c4 7. Nbd2 b5 8. a3
Bb7 9. Be2 a5 10. Ne5 Nc6 11. f4 Nd7 12. O-O g6 13. Ndf3 f6 14. Nxd7 Qxd7
15. Bh4 Qg7 16. Re1 h6 17. Bf1 Ne7 18. Nd2 g5 19. Bg3 Nf5 20. Qc2 Kd7 21.
a4 Nxe3 22. Rxe3 gxf4 23. Rf3 fxg3 24. h3 b4 25. Re1 Bc6 26. Rfe3 Rae8 27.
b3 bxc3 28. Nf3 cxb3 29. Qxb3 Rb8 30. Bb5 Bxb5 31. axb5 Rhe8 32. Qxc3 Rxb5
33. Rc1 Reb8 34. Qc6+ Ke7 35. Rce1 Qf7 36. Nh4 f5 37. Rf3 f4 38. Qc2 Kd7
39. Rc1 Kd8 40. Rc3 Qb7 41. Qg6 Qe7 42. Rc6 Kd7 43. Nf3 R5b6 44. R6c3 a4
45. Qc2 a3 46. Ne5+ Bxe5 47. dxe5 Ke8 48. Qg6+ Kd8 49. Qg8+ Qe8 50. Rc8+
Rxc8 51. Rxc8+ Kxc8 52. Qxe8+ Kc7 53. Kf1 a2 54. Qe7+ Kb8 55. Qe8+ Kb7 56.
Qd7+ Kb8 57. Qd8+ Ka7 58. Qd7+ Kb8 59. Qd8+ Kb7 60. Qd7+ Kb8 61. Qd8+ Kb7
62. Qd7+ Kb8 63. Qd8+ Kb7 { Game drawn by repetition } 1/2-1/2

[Event "ICC tourney 2488 (120 10)"]
[Site "Internet Chess Club"]
[Date "2021.04.04"]
[Round "5"]
[White "THOMAS, MICHAEL G:chesslin"]
[Black "Ramesh, Aadhitya:aadhityaaaaaa"]
[Result "1-0"]
[ICCResult "Black checkmated"]
[WhiteElo "1723"]
[BlackElo "1700"]
[Opening "Queen's pawn: London system"]
[ECO "A45"]
[NIC "QP.07"]
[Time "11:02:36"]
[PlyCount "107"]
[TimeControl "7200+10"]

1. d4 Nf6 2. Bf4 d5 3. e3 Bf5 4. c4 e6 5. Nc3 c6 6. Qb3 b6 7. Nf3 Be7 8.
cxd5 exd5 9. Qa4 Bd6 10. Ne5 Bxe5 11. Bxe5 O-O 12. Be2 b5 13. Qd1 Nbd7 14.
Bf4 Ne4 15. Nxe4 dxe4 16. O-O a6 17. Rc1 Rc8 18. f3 Nb6 19. fxe4 Bxe4 20.
Bg4 f5 21. Bf3 Qe7 22. Be5 Bxf3 23. Rxf3 Nc4 24. Qb3 Kh8 25. Qc3 Nxe5 26.
dxe5 c5 27. Rcf1 g5 28. e6+ Kg8 29. Rxf5 Qg7 30. Qxg7+ Kxg7 31. Rxg5+ Kh6
32. Rxf8 Rxf8 33. Rxc5 Re8 34. Rc6 a5 35. Rb6 Kg6 36. Kf2 b4 37. Kf3 Kf5
38. g4+ Ke5 39. h4 Kf6 40. Ke4 Rc8 41. Kd3 Ke7 42. Kd4 Rc2 43. Ke5 Rxb2 44.
Rb7+ Kf8 45. Rf7+ Kg8 46. Rf4 Rc2 47. e7 Rc8 48. Kd6 b3 49. axb3 a4 50.
bxa4 Kg7 51. Kd7 Rg8 52. e8=Q Kh6 53. Rf6+ Rg6 54. Qf8# { Black checkmated
} 1-0

[Event "ICC tourney 2488 (120 10)"]
[Site "Internet Chess Club"]
[Date "2021.04.04"]
[Round "5"]
[White "BENDRE, SOHAN ANUP:sbendre"]
[Black "VISHWA, SUSHEEL:sushivishwa"]
[Result "1/2-1/2"]
[ICCResult "Game drawn by mutual agreement"]
[WhiteElo "1525"]
[BlackElo "1738"]
[Opening "Ruy Lopez: Anderssen variation"]
[ECO "C77"]
[NIC "RL.12"]
[Time "11:02:33"]
[PlyCount "133"]
[TimeControl "7200+10"]

1. e4 e5 2. Nf3 Nc6 3. Bb5 a6 4. Ba4 Nf6 5. d3 b5 6. Bb3 Bc5 7. O-O d6 8.
c3 Bb6 9. Re1 O-O 10. Nbd2 Ng4 11. Re2 Na5 12. Bc2 c5 13. h3 Nf6 14. Nf1
Nc6 15. Ng3 h6 16. Re1 Be6 17. a4 b4 18. Qe2 Re8 19. Qd1 Qc7 20. Nh4 d5 21.
Nhf5 Ne7 22. Qf3 Nxf5 23. Nxf5 Bxf5 24. Qxf5 Qc8 25. Qf3 dxe4 26. dxe4 Re6
27. cxb4 cxb4 28. Bb3 Rc6 29. Be3 Bxe3 30. Qxe3 Rd6 31. Rad1 Rxd1 32. Rxd1
a5 33. Qd3 Qc7 34. f3 Qc5+ 35. Kh2 Rc8 36. Qd6 Qxd6 37. Rxd6 Ra8 38. Bc4
Kf8 39. Kg1 Ke7 40. Rd2 Ra7 41. Kf2 Rd7 42. Rxd7+ Nxd7 43. Ke3 Nc5 44. b3
g6 45. g4 g5 46. Kd2 f6 47. Ke3 Kd6 48. Bd5 Nd7 49. Bc4 Kc5 50. Kd3 Nb6 51.
Bg8 Nc8 52. Ke3 Ne7 53. Bc4 Ng6 54. Bb5 Nf4 55. Bf1 h5 56. Bc4 hxg4 57.
hxg4 Ng2+ 58. Kf2 Nh4 59. Ke3 Ng6 60. Bf7 Ne7 61. Bc4 Nc6 62. Bf7 Nd4 63.
Bg8 Nc2+ 64. Kd3 Na3 65. Bf7 Nb1 66. Bg8 Nc3 67. Bf7 { Game drawn by mutual
agreement } 1/2-1/2

[Event "ICC tourney 2488 (120 10)"]
[Site "Internet Chess Club"]
[Date "2021.04.04"]
[Round "5"]
[White "CAO, RAY:rcww2020"]
[Black "Ananth, Ananya:Ananya22609"]
[Result "0-1"]
[ICCResult "White checkmated"]
[WhiteElo "1686"]
[BlackElo "1637"]
[Opening "Sicilian: Najdorf, Byrne (English) attack"]
[ECO "B90"]
[NIC "SI.14"]
[Time "11:02:34"]
[PlyCount "98"]
[TimeControl "7200+10"]

1. e4 c5 2. Nf3 d6 3. d4 cxd4 4. Nxd4 Nf6 5. Nc3 a6 6. Be3 e5 7. Nf3 Be6 8.
Be2 Nbd7 9. Ng5 Be7 10. Nxe6 fxe6 11. Bg4 Kf7 12. Bh3 Re8 13. O-O Bf8 14.
Qe2 Kg8 15. Rad1 Rc8 16. Kh1 Nb6 17. f4 Nc4 18. fxe5 Nxe5 19. Bf4 Qc7 20.
Bxe5 dxe5 21. Qf3 b5 22. g4 Qe7 23. Rd2 Red8 24. Rg2 b4 25. g5 Nd7 26. Na4
g6 27. Rgf2 Kh8 28. Qg4 Rc6 29. Rf7 Qe8 30. Qf3 Bg7 31. Qb3 a5 32. Bg4 Nf8
33. Ra7 Rd7 34. Rxa5 Rd2 35. c3 bxc3 36. Nxc3 Qd8 37. Rb5 Qxg5 38. Bf3 Qh4
39. Bg2 Rc8 40. Rb7 Bh6 41. Nb1 Re2 42. Qb5 Rxe4 43. Rb8 Bf4 44. Rxf4 Qxf4
45. Nd2 Re1+ 46. Bf1 Rxb8 47. Qxb8 Rxf1+ 48. Kg2 Rf2+ 49. Kh3 Rxh2# { White
checkmated } 0-1

[Event "ICC tourney 2488 (120 10)"]
[Site "Internet Chess Club"]
[Date "2021.04.04"]
[Round "5"]
[White "WANG, FELICITY:fireheart"]
[Black "Chen, GEORGE YIMING:oceanicboa"]
[Result "1-0"]
[ICCResult "Black checkmated"]
[WhiteElo "1649"]
[BlackElo "1706"]
[Opening "Scandinavian defense"]
[ECO "B01"]
[NIC "SD.03"]
[Time "11:02:35"]
[PlyCount "109"]
[TimeControl "7200+10"]

1. e4 d5 2. exd5 Nf6 3. d4 Bg4 4. Nf3 Qxd5 5. Be2 Nc6 6. c3 O-O-O 7. Be3 e5
8. dxe5 Qxd1+ 9. Bxd1 Nxe5 10. Be2 Nxf3+ 11. gxf3 Bh5 12. c4 Bb4+ 13. Nd2
Rhe8 14. O-O-O Bxd2+ 15. Rxd2 Rxd2 16. Kxd2 Nd7 17. Rg1 Bg6 18. f4 Nf6 19.
f3 a6 20. b3 b6 21. Bd4 Re6 22. Bf1 Kd8 23. Bh3 Rd6 24. Ke3 Ke7 25. f5 Bh5
26. Be5 Rd7 27. Rxg7 Bxf3 28. Kxf3 Rd3+ 29. Kg2 Rd2+ 30. Kf1 Rxa2 31. Bxf6+
Kxf6 32. Rg2 Ra3 33. Rb2 a5 34. Kg2 a4 35. bxa4 Rxa4 36. Rc2 Ke5 37. Kf3 c5
38. Re2+ Kf6 39. Re4 h5 40. Kf4 Ra2 41. Kg3 Kg5 42. Bg2 Kxf5 43. Rf4+ Kg6
44. Be4+ Kg7 45. Rf5 h4+ 46. Kh3 Ra4 47. Bd5 f6 48. Kxh4 b5 49. Be6 bxc4
50. Rxc5 c3+ 51. Kh5 Re4 52. Rc7+ Kh8 53. Kg6 Rxe6 54. Rc8+ Re8 55. Rxe8# {
Black checkmated } 1-0

[Event "ICC tourney 2488 (120 10)"]
[Site "Internet Chess Club"]
[Date "2021.04.04"]
[Round "5"]
[White "WANG, CHLOE HEATHER:kittycat35"]
[Black "Martinez, Abel:abelMZ084"]
[Result "1/2-1/2"]
[ICCResult "Game drawn by mutual agreement"]
[WhiteElo "1697"]
[BlackElo "1581"]
[Opening "Ruy Lopez: Cozio defense"]
[ECO "C60"]
[NIC "RL.04"]
[Time "11:02:34"]
[PlyCount "117"]
[TimeControl "7200+10"]

1. e4 e5 2. Nf3 Nc6 3. Bb5 Nge7 4. O-O g6 5. c3 Bg7 6. d4 exd4 7. cxd4 d5
8. e5 O-O 9. Be3 Nf5 10. Qd2 Be6 11. Bg5 Qd7 12. Rc1 a6 13. Bxc6 bxc6 14.
Qc2 h6 15. Bd2 Ne7 16. Bb4 Rab8 17. Qa4 Rb6 18. b3 Rfb8 19. Bc5 R6b7 20.
Bxe7 Qxe7 21. Qxc6 Rb6 22. Qc3 h5 23. Nbd2 c6 24. Qe3 Kh7 25. Ng5+ Kg8 26.
Nxe6 Qxe6 27. Nf3 Qg4 28. h3 Qf5 29. Re1 Re8 30. Qg5 Qd3 31. Qd2 Qb5 32.
Rac1 Bf8 33. Qe2 Qb4 34. Rc2 c5 35. Qd2 Qb5 36. dxc5 Bxc5 37. a4 Qb4 38.
Qxb4 Bxb4 39. Rd1 Rd8 40. Nd4 Kf8 41. Rc6 Rdb8 42. Rdc1 a5 43. Rc8+ Kg7 44.
Rxb8 Rxb8 45. Rc7 Re8 46. e6 Re7 47. Rxe7 Bxe7 48. Nc6 Kf6 49. Nxe7 Kxe7
50. exf7 Kxf7 51. Kf1 Ke6 52. Ke2 Ke5 53. Kd3 d4 54. g3 g5 55. f3 h4 56.
gxh4 gxh4 57. f4+ Kxf4 58. Kxd4 Kg3 59. Ke3 { Game drawn by mutual
agreement } 1/2-1/2

[Event "ICC tourney 2488 (120 10)"]
[Site "Internet Chess Club"]
[Date "2021.04.04"]
[Round "6"]
[White "VALE CRUZ, ARMIN:trucker"]
[Black "TREUSDELL, ROSS G:IveDoneEnough"]
[Result "1-0"]
[ICCResult "Black resigns"]
[WhiteElo "1664"]
[BlackElo "1649"]
[Opening "Sicilian: Sozin, Leonhardt variation"]
[ECO "B88"]
[NIC "SI.26"]
[Time "16:16:57"]
[PlyCount "73"]
[TimeControl "7200+10"]

1. e4 c5 2. Nf3 Nc6 3. d4 cxd4 4. Nxd4 Nf6 5. Nc3 d6 6. Bc4 e6 7. Bb3 a6 8.
Be3 Qc7 9. Nxc6 bxc6 10. f3 Be7 11. Qd2 Bd7 12. O-O-O O-O 13. g4 d5 14. e5
Ne8 15. Ne2 Qxe5 16. Bf4 Qf6 17. h4 e5 18. g5 Qe6 19. Bg3 Nd6 20. Rde1 Nf5
21. Bf2 Qd6 22. f4 e4 23. h5 a5 24. a4 Qb4 25. Nc3 Bc5 26. Bxc5 Qxc5 27.
Nxe4 dxe4 28. Qxd7 Nd4 29. Kb1 Rad8 30. Qh3 Nf3 31. Rd1 Qe3 32. Rxd8 Rxd8
33. Qf5 Nd2+ 34. Ka2 Nxb3 35. cxb3 g6 36. hxg6 hxg6 37. Qf6 { Black resigns
} 1-0

[Event "ICC tourney 2488 (120 10)"]
[Site "Internet Chess Club"]
[Date "2021.04.04"]
[Round "6"]
[White "Kashyap, Manish B:mnm2"]
[Black "LIAO, CONNOR:che2468"]
[Result "1/2-1/2"]
[ICCResult "Game drawn by mutual agreement"]
[WhiteElo "1541"]
[BlackElo "1488"]
[Opening "Sicilian: Prins (Moscow) variation"]
[ECO "B55"]
[NIC "SI.01"]
[Time "16:17:29"]
[PlyCount "45"]
[TimeControl "7200+10"]

1. e4 c5 2. Nf3 d6 3. d4 cxd4 4. Nxd4 Nf6 5. f3 Nc6 6. c4 g6 7. Nc3 Bg7 8.
Be3 Bd7 9. Be2 O-O 10. O-O Qb6 11. Qd2 Qc7 12. Rac1 a6 13. Nd5 Qd8 14. Rfd1
Nxd5 15. cxd5 Nxd4 16. Bxd4 Bxd4+ 17. Qxd4 Rc8 18. Kh1 Qa5 19. a3 Rxc1 20.
Rxc1 Rc8 21. Rxc8+ Bxc8 22. Qc3 Qxc3 23. bxc3 { Game drawn by mutual
agreement } 1/2-1/2

[Event "ICC tourney 2488 (120 10)"]
[Site "Internet Chess Club"]
[Date "2021.04.04"]
[Round "6"]
[White "BENDRE, SOHAN ANUP:sbendre"]
[Black "FLETCHER, ANDREW JAMES:Draconian"]
[Result "1-0"]
[ICCResult "Black checkmated"]
[WhiteElo "1525"]
[BlackElo "1706"]
[Opening "Sicilian: Pelikan, Chelyabinsk variation"]
[ECO "B32"]
[NIC "SI.37"]
[Time "16:16:56"]
[PlyCount "123"]
[TimeControl "7200+10"]

1. e4 c5 2. Nf3 Nc6 3. d4 cxd4 4. Nxd4 e5 5. Nb5 Nf6 6. N1c3 d6 7. Bg5 a6
8. Na3 b5 9. Nd5 Be7 10. Bxf6 Bxf6 11. c3 Bg5 12. Nc2 O-O 13. Be2 f5 14.
Bf3 fxe4 15. Bxe4 Be6 16. O-O Rb8 17. Ncb4 Nxb4 18. Nxb4 Qb6 19. Qd3 Rxf2
20. Rxf2 Rf8 21. Rf1 Be3 22. Qe2 Bc4 23. Bd5+ Bxd5 24. Nxd5 Bxf2+ 25. Rxf2
Qc5 26. Ne3 Rf4 27. Kf1 Re4 28. Qf3 Rf4 29. Qd5+ Qxd5 30. Nxd5 Rxf2+ 31.
Kxf2 a5 32. Nc7 b4 33. cxb4 axb4 34. Nd5 Kf7 35. Nxb4 Ke6 36. Ke3 d5 37. a4
d4+ 38. Ke4 Kd6 39. a5 Kc5 40. Nd3+ Kb5 41. Nxe5 Kxa5 42. Kxd4 Kb4 43. Nd3+
Kb3 44. Ke5 g5 45. Kf5 h6 46. Kg6 g4 47. Kxh6 g3 48. hxg3 Kc2 49. b4 Kxd3
50. b5 Ke2 51. b6 Kf2 52. b7 Kxg3 53. b8=Q+ Kxg2 54. Qb3 Kf1 55. Kg5 Ke1
56. Kf4 Kd2 57. Ke4 Kc1 58. Qh3 Kb1 59. Qh2 Ka1 60. Kd3 Kb1 61. Kc3 Ka1 62.
Qb2# { Black checkmated } 1-0